 Dungeon Crawl Stone Soup version 0.28-a0-872-g80cf8599ee (webtiles) character file.

Game seed: 12211567249246009501

32 orbtoucher the Stinger (level 3, -1/22 HPs)
             Began as an Octopode Venom Mage on Nov 21, 2021.
             Slain by a gnoll (10 damage)
             ... on level 1 of the Dungeon.
             The game lasted 00:09:15 (2553 turns).

orbtoucher the Stinger (Octopode Venom Mage)        Turns: 2553, Time: 00:09:16

Health: -1/22      AC:  1    Str:  7    XL:     3   Next: 25%
Magic:  1/6        EV: 13    Int: 18    God:
Gold:   56         SH:  0    Dex: 12    Spells: 0/6 levels left

rFire   . . .      SeeInvis .   a - +0 dagger
rCold   . . .      Faith    .   (no shield)
rNeg    . . .      Spirit   .   (helmet restricted)
rPois   .          Reflect  .   (no amulet)
rElec   .          Harm     .   (no ring)
rCorr   .          Rampage  .   (no ring)
Will    .....                   (no ring)
Stlth   +++.......              (no ring)
HPRegen 0.07/turn               (no ring)
MPRegen 0.10/turn               (no ring)
                                (no ring)
                                (no ring)

@: no status effects
A: almost no armour, amphibious, 8 rings, camouflage 1, gelatinous body 1,
(nimble swimmer 1), tentacles
a: no special abilities


You were on level 1 of the Dungeon.
You visited 1 branch of the dungeon, and saw 2 of its levels.

You collected 56 gold pieces.

Inventory:

Hand Weapons
 a - a +0 dagger (weapon)
Missiles
 c - 15 sling bullets
 d - 7 stones
Scrolls
 e - a scroll of identify {unknown}
 f - a scroll of noise {unknown}
 h - a scroll of vulnerability {unknown}
 i - a scroll of magic mapping {unknown}
Potions
 b - a potion of flight {unknown}
 g - a potion of brilliance {unknown}


   Skills:
 + Level 0.7 Fighting
 - Level 1.1 Short Blades
 - Level 2.1 Dodging
 - Level 3.0 Stealth
 - Level 2.1 Spellcasting
 + Level 0.0 Conjurations
 - Level 1.0 Transmutations
 + Level 0.1 Air Magic
 * Level 4.2 Poison Magic


You couldn't memorise any spells.
You knew the following spells:

 Your Spells              Type           Power      Damage    Failure   Level
a - Sting                 Tmut/Pois      44%        1d5       6%          1
c - Mephitic Cloud        Conj/Pois/Air  7%         N/A       28%         3
v - Poisonous Vapours     Pois/Air       18%        N/A       11%         2

Your spell library contained the following spells:

 Spells                   Type           Power      Damage    Failure   Level
 Olgreb's Toxic Radiance  Pois           17%        N/A       32%         4
 Airstrike                Air            1%         N/A       86%         4
 Summon Lightning Spire   Summ/Air       2%         N/A       86%         4
 Lightning Bolt           Conj/Air       1%         1d12      99%         5


Dungeon Overview and Level Annotations

Branches:
Dungeon (2/15)

Altars:


Innate Abilities, Weirdness & Mutations

You cannot wear most types of armour.
You are amphibious.
You can wear up to eight rings at the same time.
Your skin changes colour to match your surroundings (Stealth+).
Your rubbery body absorbs attacks. (AC +1, EV +1)
((You are camouflaged near water. (Stealth+)))
You have tentacles for arms and can constrict up to eight enemies at once.


Message History

Aim: a gnoll, wielding a +0 whip (poisoned) Poisonous vapours surround the gnoll!
The gnoll looks even sicker.
A gnoll comes into view.
It is wielding a +0 flail of holy wrath.
There is a stone staircase leading up here.
You start resting.
A gnoll is nearby!
Casting: Poisonous Vapours (safe; 11% risk of failure)
Confirm with . or Enter, or press ? or * to list all spells.
Aiming: Poisonous Vapours (safe; 11% risk of failure)
Press: ? - help, Dir - move target, f - gnoll
Aim: a gnoll, wielding a +0 spear Poisonous vapours surround the gnoll!
The gnoll is poisoned.
The gnoll looks more healthy.
Casting: Poisonous Vapours (safe; 11% risk of failure)
Confirm with . or Enter, or press ? or * to list all spells.
Aiming: Poisonous Vapours (safe; 11% risk of failure)
Press: ? - help, Dir - move target, f/p - gnoll
Aim: a gnoll, wielding a +0 spear (moderately wounded) Poisonous vapours surround the gnoll!
The gnoll is poisoned.
The gnoll looks more healthy.
The gnoll shouts!
Casting: Poisonous Vapours (safe; 11% risk of failure)
Confirm with . or Enter, or press ? or * to list all spells.
You don't have enough magic to cast this spell.
The gnoll hits you but does no damage.
Casting: Poisonous Vapours (safe; 11% risk of failure)
Confirm with . or Enter, or press ? or * to list all spells.
Aiming: Poisonous Vapours (safe; 11% risk of failure)
Press: ? - help, Dir - move target, f/p - gnoll
Aim: a gnoll, wielding a +0 spear (heavily wounded) Poisonous vapours surround the gnoll!
The gnoll is poisoned.
The gnoll looks more healthy.
The gnoll hits you with a +0 whip!
There is a stone staircase leading up here.
The gnoll misses you.
The gnoll hits you from afar with a +0 spear.
You climb upwards.
There is a stone staircase leading down here.
The gnoll hits you with a +0 whip!
You die...

##### ....# ###.# # #.# # #.# #
#.# # #.# ###.################
†...............@>.#
###.###........##g.##
###.###........##...#
......#........###..##
#########.###### #...# # #.#
##..## #
#.#########...######### #
#.....................#
##############..####..#######.#


You could see a gnoll.

Vanquished Creatures
  3 endoplasms (D:1)
  A giant cockroach (D:1)
  4 hobgoblins (D:1)
  4 kobolds (D:1)
  A quokka (D:1)
  3 ball pythons
  5 bats (D:1)
  6 goblins
27 creatures vanquished.

Notes
Turn   | Place    | Note
-------+----------+-------------------------------------------
     0 | D:1      | orbtoucher the Octopode Venom Mage began the quest for the
                  | Orb.
     0 | D:1      | Reached XP level 1. HP: 11/11 MP: 3/3
   563 | D:1      | Reached XP level 2. HP: 17/17 MP: 5/5
   612 | D:1      | Learned a level 2 spell: Poisonous Vapours
   935 | D:1      | Reached skill level 4 in Poison Magic
  1070 | D:1      | Found a faded altar of an unknown god.
  1355 | D:1      | Reached skill level 1 in Short Blades
  1555 | D:1      | Reached XP level 3. HP: 20/22 MP: 3/6
  1614 | D:1      | Learned a level 3 spell: Mephitic Cloud
  2553 | D:1      | Slain by a gnoll

Illustrated notes

Levels and vault maps discovered:
D:1:      dpeg_arrival_concentric_ovals, layout_basic, basic_ecumenical_altar,
          eino_curves_04
D:2:      layout_basic, minmay_misc_feat_cross, minmay_misc_feat_four_crosses,
          nrook_campfire, uniq_terence, uniq_jessica

Skill      XL: |  1  2 |
---------------+-------+-----
Poison Magic   | 4 |  4.2
Short Blades   | 1 |  1.1
Stealth        | 3 |  3.0
Fighting       | |  0.7
Dodging        | |  2.1
Spellcasting   | |  2.1
Transmutations | |  1.0
Air Magic      | |  0.1

Action                   || total
-------------------------++-------
Melee: Dagger            ||    27
       Constrict         ||     5
       Tentacles         ||     2
 Cast: Sting             ||     7
       Poisonous Vapours ||    26
 Stab: Sleeping          ||     2
Armor: Skin              ||     6
Dodge: Dodged            ||    30

Table legend: (Time is in decaauts)
 A = Elapsed time spent in this place.
 B = Non-inter-level travel time spent in this place.
 C = Inter-level travel time spent in this place.
 D = Time resting spent in this place.
 E = Time spent auto-exploring this place.
 F = Levels seen in this place.
 G = Mean time per level.
                   A        B        C        D        E       F      G
               +--------+--------+--------+--------+--------+-----+--------+
         Total |   2552 |   2288 |    264 |   1014 |    864 |   2 | 1276.0 |
       Dungeon |   2552 |   2288 |    264 |   1014 |    864 |   2 | 1276.0 |
               +--------+--------+--------+--------+--------+-----+--------+

Top non-repeatable levels by time:
     D:1: 2382 daAuts
     D:2: 170 daAuts
